 Dungeon Crawl Stone Soup version 0.14-a0-942-gbd853f2 (webtiles) character file.

489 PolkaDot the Ruinous (level 6, -1/41 HPs)
             Began as a Vampire Conjurer on Nov 19, 2013.
             Killed from afar by a crimson imp (15 damage)
             ... with a wand of fire
             ... on Level 5 of the Dungeon.
             The game lasted 00:17:34 (4989 turns).

PolkaDot the Ruinous (Vampire Conjurer)             Turns: 4989, Time: 00:17:35

HP  -1/41        AC 10     Str  7      XL: 6   Next: 37%
MP   6/13        EV 13     Int 19      God:
Gold 132         SH  0     Dex 18      Spells:  3 memorised,  4 levels left

Res.Fire  : . . .   See Invis. : +   C - +0,+2 dagger (protect)
Res.Cold  : . . .   Warding    : .   a - +0 robe
Life Prot.: + . .   Conserve   : .   (no shield)
Res.Poison: .       Res.Corr.  : .   (no helmet)
Res.Elec. : .       Clarity    : .   f - +0 cloak
Sust.Abil.: . .     Spirit.Shd : .   s - +1 pair of elf bracers {archer}
Res.Mut.  : .       Stasis     : .   (no boots)
Res.Rott. : .       Flight     : .   (no amulet)
Saprovore : . . .                    j - ring of wizardry
                                     o - +4 ring of dexterity

@: slightly resistant to hostile enchantments, stealthy
A: bottle blood, fangs 3, see invisible, unbreathing
a: Bat Form, Bottle Blood


You were on level 5 of the Dungeon.
You were not thirsty.

You visited 2 branches of the dungeon, and saw 6 of its levels.

You collected 208 gold pieces.
You spent 76 gold pieces at shops.

Inventory:

Hand weapons
 C - a +0,+2 dagger of protection (weapon)
Armour
 a - a +0 robe (worn)
 f - a +0 cloak (worn)
 s - a +1 pair of elven bracers of archery (worn)
Magical devices
 B - a wand of flame (7) {unknown}
Scrolls
 b - 2 scrolls of recharging {unknown}
 e - 6 scrolls of remove curse {unknown}
 h - 2 scrolls of enchant weapon I {unknown}
 i - 2 scrolls of teleportation {unknown}
 m - a scroll of amnesia {unknown}
 p - a scroll of magic mapping {unknown}
 q - 3 scrolls of fear {unknown}
 r - a scroll of blinking {unknown}
 t - 2 scrolls of enchant armour {unknown}
 y - a scroll of curse weapon {unknown}
 z - 2 scrolls of enchant weapon II {unknown}
 D - a scroll of noise {unknown}
Jewellery
 j - a ring of wizardry (right hand)
 k - an uncursed amulet of conservation {unknown}
 l - an uncursed ring of protection from fire {unknown}
 o - a +4 ring of dexterity (left hand)
Potions
 d - 6 potions of curing
 g - a potion of beneficial mutation
 u - a potion of agility
 v - a potion of restore abilities
 w - 2 potions of slowing
 x - 2 potions of brilliance
 E - a potion of flight
Books
 c - a book of Conjurations

   Spells                             Type                      Level
   *Magic Dart                        Conjuration                  1
   *Searing Ray                       Conjuration                  2
   Dazzling Spray                     Conjuration/Hexes            3
   Iskenderun's Mystic Blast          Conjuration                  4
   *Iskenderun's Battlesphere         Conjuration/Charms           4
   Fulminant Prism                    Conjuration/Hexes            5
 A - a book of the Tempests

   Spells                             Type                      Level
   Static Discharge                   Conjuration/Air              3
   Lightning Bolt                     Conjuration/Air              5
   Fireball                           Conjuration/Fire             5
   Tornado                            Air                          9
   Shatter                            Earth                        9


   Skills:
 - Level 2.1 Dodging
 - Level 3.0 Stealth
 + Level 3.3 Spellcasting
 * Level 5.1 Conjurations


You had 4 spell levels left.
You knew the following spells:

 Your Spells              Type           Power        Failure   Level  Hunger
a - Magic Dart            Conj           ###.         1%          1    None
s - Searing Ray           Conj           ###...       1%          2    ##.....
z - Iskenderun's Battles  Conj/Chrm      ##......     30%         4    ####...


Dungeon Overview and Level Annotations

Branches:
Dungeon (5/16)             Temple (1/1) D:4

Altars:
Ashenzari
Cheibriados
Kikubaaqudgha
Makhleb
Okawaru
Sif Muna
Yredelemnul

Shops:
D:5 *


Innate Abilities, Weirdness & Mutations

You can bottle blood from corpses.
You have razor-sharp teeth.*
You have supernaturally acute eyesight.
You can survive without breathing.*


Message History

Casting: Searing Ray
Confirm with . or Enter, or press ? or * to list all spells.
Aiming: Searing Ray
Press: ? - help, Shift-Dir - straight line, f - goblin
Aim: a goblin, wielding a sabre The searing ray hits the goblin.
The goblin is heavily wounded.
The searing ray hits the goblin.
You kill the goblin!
The crimson imp shouts, "Decamp, thou unhinged crook-pated nothing!"
The searing ray misses the crimson imp.
The crimson imp zaps a wand.
The bolt of fire misses you.
The searing ray hits the crimson imp.
The crimson imp is moderately wounded.
The crimson imp blinks!
You hit the hound zombie. The hound zombie closely misses you.
The hound zombie bites you.
The crimson imp zaps a wand.
The bolt of fire misses you.
The crimson imp zaps a wand.
The bolt of fire hits you!
You die...

...........######################
.........>.......................
...........######################
.........>........#
.....#...)#######.# .....#....#
#.# .....#....##### #.#
)....#........###.########### ...
#..........@............ .
##........z......5....#
............)..........##
.##.....................#
##......∩..............#
.......................#
##............)............
#....%.......###......###.
#............# ##.....#


You could see a crimson imp and a hound zombie.

Vanquished Creatures
  3 crimson imps (D:5)
  A scorpion (D:5)
  2 worker ants
  Jessica (D:3)
  6 adders
  3 worms
  2 oozes
  4 orcs (D:4)
  2 giant cockroaches
  11 goblins
  11 hobgoblins
  14 jackals
  3 quokkas
  8 bats
  5 giant geckos
  A giant newt (D:3)
  11 kobolds
  6 rats
  2 ballistomycetes (D:5)
  A bush (D:4)
97 creatures vanquished.

Vanquished Creatures (others)
  2 orcs
  A giant spore (D:5)
3 creatures vanquished.

Grand Total: 100 creatures vanquished

Notes
Turn   | Place    | Note
--------------------------------------------------------------
     0 | D:1      | PolkaDot, the Vampire Conjurer, began the quest for the Orb.
     0 | D:1      | Reached XP level 1. HP: 13/13 MP: 4/4
   233 | D:1      | Reached XP level 2. HP: 16/19 MP: 1/5
   282 | D:1      | Learned a level 2 spell: Searing Ray
  1041 | D:1      | Reached XP level 3. HP: 6/24 MP: 7/7
  1743 | D:2      | Reached XP level 4. HP: 30/30 MP: 3/8
  1806 | D:2      | Reached skill level 4 in Conjurations
  2346 | D:3      | Noticed Jessica
  2367 | D:3      | Killed Jessica
  2422 | D:3      | Reached XP level 5. HP: 31/35 MP: 2/11
  2570 | D:3      | Learned a level 4 spell: Iskenderun's Battlesphere
  2788 | D:3      | Found a deep blue altar of Sif Muna.
  3693 | D:4      | Found a staircase to the Ecumenical Temple.
  3701 | Temple   | Entered the Ecumenical Temple
  4582 | D:5      | Entered Level 5 of the Dungeon
  4599 | D:5      | Reached XP level 6. HP: 41/41 MP: 2/13
  4714 | D:5      | Reached skill level 5 in Conjurations
  4875 | D:5      | Found Acraip's Assorted Antiques.
  4967 | D:5      | Bought a pink potion for 18 gold pieces
  4967 | D:5      | Bought a slimy red potion for 18 gold pieces
  4967 | D:5      | Bought a scroll labeled THIGEGH KIEKI for 20 gold pieces
  4967 | D:5      | Bought a scroll labeled UTED CROEPSOTI for 20 gold pieces
  4989 | D:5      | Killed from afar by a crimson imp

Action                   |  1- 3 |  4- 6 || total
-------------------------+-------+-------++-------
Melee: Unarmed           |    48 |       ||    48
       Short sword       |    15 |    87 ||   102
       Dagger            |     7 |   326 ||   333
 Cast: Magic Dart        |    51 |    33 ||    84
       Searing Ray       |     7 |    22 ||    29
  Use: Potion            |     1 |       ||     1
       Scroll            |       |     7 ||     7
 Stab: Distracted        |     1 |       ||     1
       Sleeping          |       |     4 ||     4
